Map: [ESL] Altitude

Players

PtitDrogo

  • Race: Protoss Protoss
  • Spawn Location: 1:00

LiquidElazer (Elazer) - Winner!

  • Race: Zerg Zerg
  • League: Master
  • Spawn Location: 7:00

Event: HomeStory Cup XXIII

VOD

Have the link to the VOD?

Description

Time

  • Played on: July 1, 2023, 8:13 a.m.
  • Length: 10:35

All games in this series

Show
View Real Time Build Order
Export as new Build Order

PtitDrogo Protoss 

Build Orders: 1 Gate Expand, Oracle Opening, Archon Immortal 

Get SALT Encoding   

  12  0:00  Probe  
  13  0:12  Probe  
  14  0:19  Pylon  
  14  0:24  Probe  
  15  0:33  Assimilator  
  15  0:37  Probe (Chrono Boost)  
  16  0:43  Gateway  
  16  0:48  Probe (Chrono Boost)  
  17  0:53  Probe  
  18  1:05  Probe  
  19  1:17  Probe  
  20  1:24  Nexus  
  20  1:34  Cybernetics Core  
  20  1:37  Probe  
  21  1:42  Assimilator  
  21  1:49  Probe  
  21  1:52  Pylon  
  22  2:01  Probe (Chrono Boost)  
  23  2:10  Adept  
  23  2:13  Probe (Chrono Boost)  
  23  2:15  Stargate  
  26  2:21  Probe (Chrono Boost)  
  27  2:23  Warp Gate  
  27  2:29  Probe (Chrono Boost)  
  28  2:36  Probe (Chrono Boost)  
  29  2:40  Adept  
  32  2:45  Probe x2 (Chrono Boost)  
  32  2:50  Probe (Chrono Boost)  
  33  2:51  Probe  
  33  2:56  Oracle (Chrono Boost)  
  35  3:02  Probe  
  35  3:03  Probe  
  40  3:07  Pylon  
  40  3:10  Zealot  
  42  3:14  Probe  
  42  3:15  Probe  
  44  3:23  Gateway, Oracle (Chrono Boost)  
  47  3:29  Probe  
  47  3:30  Probe  
  49  3:41  Probe  
  49  3:42  Probe  
  49  3:43  Pylon  
  51  3:53  Nexus  
  51  3:58  Probe (Chrono Boost)  
  51  4:01  Probe (Chrono Boost)  
  51  4:02  Oracle  
  56  4:07  Pylon  
  57  4:10  Probe (Chrono Boost)  
  57  4:11  Assimilator  
  57  4:13  Assimilator  
  57  4:14  Probe (Chrono Boost)  
  59  4:18  Probe (Chrono Boost)  
  59  4:22  Probe (Chrono Boost)  
  60  4:28  Probe (Chrono Boost)  
  56  4:32  Zealot x2  
  56  4:34  Probe  
  59  4:40  Probe, Oracle  
  59  4:43  Twilight Council  
  59  4:46  Probe  
  59  4:52  Probe, Pylon  
  61  4:55  Forge  
  61  4:56  Robotics Facility  
  61  4:57  Pylon  
  61  4:58  Probe  
  62  5:05  Nexus  
  62  5:08  Pylon  
  62  5:10  Probe x2  
  64  5:22  Probe  
  64  5:24  Probe  
  64  5:26  Adept x2  
  64  5:27  Charge, Protoss Ground Weapons Level 1 (Chrono Boost)  
  70  5:34  Probe  
  71  5:38  Shield Battery  
  71  5:41  Probe  
  72  5:45  Observer (Chrono Boost)  
  72  5:46  Probe  
  72  5:49  Adept x2  
  78  5:53  Probe  
  79  5:59  Probe  
  80  6:05  Probe  
  80  6:07  Pylon  
  80  6:11  Probe  
  82  6:12  Immortal (Chrono Boost), Assimilator  
  82  6:13  Assimilator  
  82  6:17  Probe, Templar Archives  
  87  6:20  Zealot x2  
  87  6:22  Probe  
  87  6:23  Probe  
  93  6:26  Photon Cannon  
  93  6:29  Probe  
  94  6:32  Pylon  
  94  6:35  Probe x2  
  96  6:42  Psionic Storm  
  96  6:43  Immortal (Chrono Boost)  
  96  6:44  Pylon  
  98  7:01  High Templar x2  
  102  7:05  Gateway  
  102  7:06  Gateway  
  102  7:08  Gateway x2  
  102  7:09  Gateway  
  102  7:11  Gateway  
  102  7:14  Photon Cannon  
  102  7:18  Immortal (Chrono Boost)  
  106  7:28  Photon Cannon  
  106  7:33  High Templar x2  
  106  7:35  Probe  
  111  7:47  Pylon x2  
  111  7:49  Nexus  
  111  7:52  Immortal  
  115  7:59  High Templar  
  115  8:01  Probe  
  115  8:05  High Templar x2  
  122  8:06  Zealot x5  
  122  8:09  Archon  
  122  8:11  Probe x2  
  134  8:13  Photon Cannon  
  134  8:15  Shield Battery  
  134  8:18  Pylon  
  135  8:34  Observer (Chrono Boost)  
  135  8:35  Probe  
  135  8:40  Gateway  
  136  8:41  Assimilator  
  136  8:42  Gateway  
  136  8:43  Gateway  
  136  8:44  High Templar x3  
  136  8:45  High Templar, Zealot x3, Assimilator  
  149  8:52  Archon  
  149  8:53  Archon  
  149  8:58  Pylon  
  149  9:01  Pylon  
  147  9:06  High Templar x2  
  147  9:07  Zealot x2  
  155  9:11  Pylon  
  155  9:12  Archon  
  155  9:13  Pylon  
  155  9:22  High Templar x2  
  155  9:23  Zealot x2  
  158  9:26  Probe x2  
  159  9:32  Pylon  
  159  9:34  Pylon  
  159  9:36  Pylon  
  159  9:37  Pylon  
  154  9:39  Pylon x2  
  154  9:48  Stalker  
  156  10:01  Nexus  
  156  10:02  Stalker  
  156  10:03  Stalker x2  
  134  10:08  Probe, Stalker x2  
  134  10:10  Probe x2  
  121  10:17  Archon  
  121  10:20  Probe  
Show
View Real Time Build Order
Export as new Build Order

LiquidElazer Zerg - Winner!

Build Orders: Hatch First 

Get SALT Encoding   

  12  0:00  Drone  
  13  0:12  Overlord  
  13  0:17  Drone  
  14  0:30  Drone x2  
  16  0:49  Hatchery  
  15  0:52  Drone  
  15  0:56  Drone  
  17  0:59  Drone  
  18  1:09  Extractor  
  17  1:14  Spawning Pool  
  17  1:18  Drone  
  17  1:21  Drone  
  18  1:28  Drone  
  19  1:39  Drone  
  20  1:49  Drone  
  21  2:01  Queen x2  
  21  2:02  Zergling x2  
  21  2:03  Overlord  
  26  2:11  Drone  
  26  2:12  Drone  
  26  2:13  Metabolic Boost  
  28  2:21  Drone  
  29  2:26  Drone  
  30  2:35  Hatchery  
  29  2:37  Drone  
  29  2:43  Queen  
  32  2:48  Overlord  
  32  2:50  Drone  
  33  2:52  Drone  
  33  2:57  Drone x2  
  36  3:04  Overlord  
  36  3:07  Queen  
  36  3:10  Drone  
  36  3:12  Drone  
  40  3:15  Drone x2  
  42  3:21  Zergling x4  
  42  3:24  Spore Crawler  
  42  3:26  Queen  
  45  3:33  Zergling x4  
  47  3:41  Zergling x8  
  47  3:45  Zergling x2  
  52  3:48  Queen  
  52  3:49  Overlord  
  52  3:52  Zergling x2  
  52  3:53  Zergling x4  
  52  3:54  Zergling x2  
  58  4:03  Overlord  
  58  4:07  Queen  
  60  4:11  Drone x4  
  64  4:17  Drone x2  
  64  4:21  Drone x3  
  64  4:22  Drone  
  68  4:28  Drone  
  68  4:31  Queen  
  65  4:35  Drone x6  
  73  4:40  Drone  
  73  4:47  Overlord  
  73  4:51  Drone x3  
  73  4:52  Evolution Chamber  
  72  4:55  Extractor  
  72  4:56  Drone x2  
  72  4:58  Overlord  
  73  5:06  Drone x5  
  78  5:07  Hatchery  
  78  5:08  Drone  
  78  5:15  Overlord  
  78  5:16  Drone x5  
  83  5:24  Extractor x2  
  83  5:25  Overlord  
  83  5:27  Zergling x2  
  83  5:28  Zergling x4, Zerg Melee Weapons Level 1  
  83  5:30  Zergling x6  
  83  5:34  Overlord  
  86  5:38  Drone x2  
  86  5:41  Zergling x6  
  86  5:42  Roach Warren  
  90  5:45  Lair  
  90  5:48  Spore Crawler  
  89  5:50  Spore Crawler  
  89  5:55  Overlord  
  88  5:58  Drone x8  
  88  6:03  Drone x2  
  98  6:11  Drone x5  
  103  6:21  Overlord  
  103  6:26  Spore Crawler  
  103  6:27  Extractor, Drone x3  
  103  6:28  Drone x3  
  107  6:33  Drone x4  
  111  6:40  Zergling x12  
  116  6:48  Overlord, Hydralisk Den  
  116  6:52  Baneling Nest  
  107  7:00  Zergling x2  
  107  7:01  Zergling x22  
  112  7:05  Hatchery  
  111  7:10  Overseer  
  111  7:13  Overlord  
  111  7:14  Zergling x16  
  119  7:21  Muscular Augments  
  119  7:27  Zerg Melee Weapons Level 2  
  119  7:28  Hydralisk x11  
  141  7:41  Extractor  
  141  7:42  Drone x3  
  141  7:43  Drone x6  
  148  7:45  Centrifugal Hooks  
  148  7:48  Drone  
  148  7:49  Drone, Pneumatized Carapace  
  149  7:55  Drone x3  
  152  7:59  Overlord x2  
  152  8:00  Overlord x2  
  152  8:08  Extractor  
  152  8:09  Drone  
  152  8:18  Drone x2, Spore Crawler  
  152  8:19  Hydralisk x8  
  169  8:26  Hatchery  
  165  8:28  Overlord  
  165  8:29  Drone x7  
  161  8:35  Drone  
  161  8:36  Drone x2  
  161  8:37  Hydralisk x4  
  161  8:39  Grooved Spines  
  172  8:54  Zergling x2  
  172  8:55  Zergling x30  
  187  9:04  Zergling x18  
  196  9:14  Zergling x4  
  198  9:19  Baneling  
  198  9:20  Baneling x22  
  196  9:26  Baneling x8  
  181  9:41  Zergling x42  
  180  9:47  Hydralisk  
  180  9:48  Hydralisk x7  
  195  10:06  Zergling x12  
  195  10:07  Zergling x12  
  188  10:10  Baneling x17  
  183  10:18  Zergling x24  
Tags
 
Add a new tag
Caveats
  • Supply blocks, unpowered buildings, or Contaminate may cause inaccurate times.
  • Supply counts are checked every 10 seconds.